AoeStats
← danielcrisan93

Arabian Desert

509875924Analyzed
1v1 RM · 2d ago on Sep 28, 2026· 25m 20s· 2 players
Game mode
Random Map
Map size
Tiny (2 player)
Population
200
Speed
Normal
Resources
Standard
Victory
Conquest
Starting age
Dark Age
Ending age
Imperial Age
RankedLock teamsTeams togetherTeam positionsShared explorationLock speedFull tech treeHidden civsTurbo modeCheats
Victory
Defeat
🇷🇴 Goths · Romania
513
+16
🇺🇸 Spanish · United States
506
-16
NOMERCY4364
10:44 Feudal Age
12:18 Wheelbarrow
11:33 Double-Bit Axe
12:33 Horse Collar
21:35 Bloodlines
23:40 Fletching
danielcrisan93
10:52 Loom
15:51 Feudal Age
17:44 Man-at-Arms
Connection lost

Rejoining the realm…

Still unreachable

The connection could not be restored.

Session expired

The server has moved on; the page needs a fresh start.